 Dungeon Crawl Stone Soup version 0.24-a0-639-gb70a11d811 (webtiles) character file.

Game seed: 15659569808387022111, levelgen mode: deterministic

39 Bikalo the Firebug (level 3, 0/19 HPs)
             Began as a Deep Elf Fire Elementalist on Sept 23, 2019.
             Slain by a jackal (2 damage)
             ... on level 1 of the Dungeon.
             The game lasted 00:01:58 (877 turns).

Bikalo the Firebug (Deep Elf Fire Elementalist)      Turns: 877, Time: 00:01:59

Health: 0/19       AC:  2    Str:  5    XL:     3   Next: 26%
Magic:  2/10       EV: 13    Int: 20    God:
Gold:   46         SH:  0    Dex: 15    Spells: 3/9 levels left

rFire    . . .     SeeInvis .   (no weapon)
rCold    . . .     Gourm    .   (no shield)
rNeg     . . .     Faith    .   h - +0 robe (curse)
rPois    .         Spirit   .   (no helmet)
rElec    .         Reflect  .   (no cloak)
rCorr    .         Harm     .   (no gloves)
MR       .....                  (no boots)
Stlth    ++........             (no amulet)
HPRegen  0.06/turn              (no ring)
MPRegen  0.12/turn              (no ring)

@: very slightly contaminated
A: no striking features
a: no special abilities


You were on level 1 of the Dungeon.
You were not hungry.

You visited 1 branch of the dungeon, and saw 1 of its levels.

You collected 46 gold pieces.

Inventory:

Armour
 a - a +0 robe
 h - a cursed +0 robe (worn)
Scrolls
 d - a scroll of enchant weapon {unknown}
 g - a scroll of teleportation {unknown}
Potions
 b - a potion of curing {unknown}
 e - a potion of degeneration {unknown}
 f - a potion of heal wounds {unknown}
Comestibles
 c - 2 rations


   Skills:
 + Level 3.0 Dodging
 - Level 2.4 Stealth
 + Level 3.5 Spellcasting
 + Level 1.8 Conjurations
 * Level 4.0 Fire Magic


You had 3 spell levels left.
You knew the following spells:

 Your Spells              Type           Power        Failure   Level  Hunger
a - Flame Tongue          Conj/Fire      ###..        4%          1    None
b - Throw Flame           Conj/Fire      ###...       6%          2    ##.....
c - Conjure Flame         Conj/Fire      ###.....     12%         3    ###....

Your spell library contained the following spells:

 Spells                   Type           Power        Failure   Level  Hunger
 Inner Flame              Hex/Fire       ##......     19%         3    ###....
 Sticky Flame             Conj/Fire      ###.....     38%         4    ####...
 Fireball                 Conj/Fire      ###.......   75%         5    ######.


Dungeon Overview and Level Annotations

Branches:
Dungeon (1/15)

Altars:


Message History

You don't have enough magic to cast that spell.
The jackal bites you.
Casting: Flame Tongue (safe; 4% risk of failure)
Confirm with . or Enter, or press ? or * to list all spells.
Aiming: Conjure Flame (safe; 12% risk of failure)
Press: ? - help, Dir - move target cursor, p - goblin You miscast Conjure Flame.
You are very lightly contaminated with residual magic.
Your skin tingles.
The jackal bites you.
* * * LOW HITPOINT WARNING * * *
The jackal barely misses you. The jackal closely misses you.
The jackal closely misses you. The jackal bites you.
* * * LOW HITPOINT WARNING * * *
The jackal bites you.
* * * LOW HITPOINT WARNING * * *
There is a stone staircase leading down here.
The jackal bites you.
You die...

#######.# #.#....... #..h....#
#.#####... #.#####.##### ##
#.##...... ..#......h..# #..
#.##.##... ###...>÷.##.# #.##.#
#......... ......).....#####.##^#
###...#.#.
.##.).....###...#.##.###.....#.#.
#)......# #....#.#...#.....#.
#.#####.# # #.@..#.#.#.....#.#.
.##.....#.# #.#.h....#...†.#.###.
....###.#g# #.#.#....#.........(.
....# #.#.# #........##...#..####
....# #.#.# ###g#.#..........# #
....# #.#.#####.#.#.#######.#####
....# #.#..g....#.........#......
....# #...................#######
.##.# ####...#####........#


You could see a jackal and a goblin.

Vanquished Creatures
  A gnoll (D:1)
  2 oozes (D:1)
  A leopard gecko (D:1)
  A ball python (D:1)
  A giant cockroach (D:1)
  A goblin (D:1)
  3 hobgoblins (D:1)
  A bat (D:1)
  3 frilled lizards (D:1)
  2 kobolds (D:1)
  6 rats (D:1)
22 creatures vanquished.

Notes
Turn   | Place    | Note
-------+----------+-------------------------------------------
     0 | D:1      | Bikalo the Deep Elf Fire Elementalist began the quest for
                  | the Orb.
     0 | D:1      | Reached XP level 1. HP: 10/10 MP: 6/6
   146 | D:1      | Reached XP level 2. HP: 15/15 MP: 5/8
   532 | D:1      | Reached XP level 3. HP: 4/19 MP: 0/9
   536 | D:1      | Learned a level 2 spell: Throw Flame
   545 | D:1      | Learned a level 3 spell: Conjure Flame
   827 | D:1      | Reached skill level 4 in Fire Magic
   877 | D:1      | Slain by a jackal

Levels and vault maps discovered:
D:1:      mainiacjoe_arrival_reflecting_pool, layout_basic,
          minmay_stone_trees_small

Skill      XL: |  1  2  3 |
---------------+----------+-----
Dodging        | 3 |  3.0
Fire Magic     | 4 |  4.0
Stealth        | |  2.4
Spellcasting   | |  3.5
Conjurations   | |  1.8

Action                   || total
-------------------------++-------
Melee: Unarmed           ||     1
 Cast: Flame Tongue      ||    42
Armor: Robe              ||     1
Dodge: Dodged            ||    19

Table legend:
 A = Non-vault XP
 B = Vault XP
 C = Vault XP percentage of total XP
 D = Non-vault monster count
 E = Vault monster count
 F = Vault count percentage of total count
                 A         B        C        D         E       F
            +---------+---------+-------+---------+---------+-------
      Total |      56 |       0 |   0.0 |      22 |       0 |   0.0
            +---------+---------+-------+---------+---------+-------
        D:1 |      56 |       0 |   0.0 |      22 |       0 |   0.0
            +---------+---------+-------+---------+---------+-------
